 Dungeon Crawl Stone Soup version 0.29.1-2-gbd0b4ee654 (webtiles) character file.

Game seed: 7725735555190729799

13 GorkyZ the Stinger (level 2, -2/15 HPs)
             Began as a Gargoyle Venom Mage on Nov 23, 2022.
             Slain by an endoplasm (3 damage)
             ... on level 1 of the Dungeon.
             The game lasted 00:02:28 (687 turns).

GorkyZ the Stinger (Gargoyle Venom Mage)             Turns: 687, Time: 00:02:29

Health: -2/15      AC:  5    Str: 11    XL:     2   Next: 37%
Magic:  3/5        EV: 12    Int: 15    God:
Gold:   9          SH:  0    Dex: 10    Spells: 4/5 levels left

rFire   . . .      SeeInvis .   d - +0 club
rCold   . . .      Faith    .   (no shield)
rNeg    + . .      Spirit   .   a - +0 robe
rPois   ∞          Reflect  .   (no helmet)
rElec   +          Harm     .   c - +0 cloak
rCorr   .          Rampage  .   (no gloves)
Will    .....                   (no boots)
Stlth   ++........              (no amulet)
HPRegen 0.05/turn               (no ring)
MPRegen 0.09/turn               (no ring)

@: no status effects
A: sickness immunity, AC +2, negative energy resistance 1, electricity
resistance, torment resistance 1, petrification resistance
a: no special abilities


You were on level 1 of the Dungeon.
You visited 1 branch of the dungeon, and saw 1 of its levels.

You collected 9 gold pieces.

Inventory:

Hand Weapons
 d - a +0 club (weapon)
 g - a +0 dagger
Armour
 a - a +0 robe (worn)
 c - a +0 cloak (worn)
Scrolls
 f - a scroll of teleportation {unknown}
Potions
 b - a potion of magic
 e - a potion of curing {unknown}


   Skills:
 + Level 0.4 Armour
 + Level 1.8 Dodging
 - Level 2.1 Stealth
 + Level 0.5 Shields
 + Level 2.0 Spellcasting
 + Level 1.0 Transmutations
 + Level 0.3 Air Magic
 + Level 3.1 Poison Magic


You had 4 spell levels left.
You knew the following spells:

 Your Spells              Type           Power      Damage    Failure   Level
a - Sting                 Tmut/Pois      28%        1d4       10%         1

Your spell library contained the following spells:

 Spells                   Type           Power      Damage    Failure   Level
 Poisonous Vapours        Pois/Air       12%        N/A       16%         2
 Mephitic Cloud           Conj/Pois/Air  5%         N/A       38%         3
 Olgreb's Toxic Radiance  Pois           10%        N/A       52%         4


Dungeon Overview and Level Annotations

Branches:
Dungeon (1/15)

Altars:


Innate Abilities, Weirdness & Mutations

You are immune to sickness and miasma.
Your stone body is resilient. (AC +2)
You are immune to poison.
You resist negative energy. (rN+)
You are resistant to electric shocks. (rElec)
You are resistant to unholy torment.
You are immune to petrification.


Message History

The ball python closely misses you. The ball python grabs you.
The ball python constricts you.
You hit the ball python.
The ball python is severely wounded.
The ball python bites you.
* * * LOW HITPOINT WARNING * * *
The ball python constricts you.
The ball python bites you but does no damage.
The ball python constricts you.
* * * LOW HITPOINT WARNING * * *
You are too injured to fight recklessly!
You are too injured to fight recklessly!
Aiming: Sting (safe; 10% risk of failure)
Press: ? - help, Q - select action Shift-Dir - straight line, f - ball python
Aim: a ball python (severely wounded, constricting you, 64% to hit)
The sting hits the ball python.
The ball python is poisoned.
You kill the ball python!
Aiming: Sting (safe; 10% risk of failure)
Press: ? - help, Q - select action Shift-Dir - straight line, f - ball python
Aim: a ball python (64% to hit)
The sting misses the ball python.
The sting hits the endoplasm.
The endoplasm partially resists.
The endoplasm is moderately wounded.
The ball python bites you but does no damage.
The ball python grabs you. The ball python constricts you.
You escape the ball python's grasp.
The ball python attacks as you move away!
The ball python closely misses you. The ball python barely misses you.
The ball python misses you. x2
You hit the ball python.
You kill the ball python!
The endoplasm freezes you.
You are frozen.
* * * LOW HITPOINT WARNING * * *
The endoplasm attacks as you move away!
The endoplasm hits you but does no damage.
The endoplasm attacks as you move away!
The endoplasm hits you but does no damage.
The endoplasm attacks as you move away! The endoplasm hits you.
You die...

.#.#.#.# .......
.#.#.#.# #####..
.#.#†#.. #.. .#...#.#
##### ### #+#
#####.###.#.#. #...# #
...##...).#
#.#.#.###.#.### ###
....#.##..#
#...#.....#...# #..
....#.##..#
###J###.<.###.### #..
......##†.#
#.@.#.....#...# #..
.....###..#
###.#.###.#.#.# ###
......##..#
#...#...#.#.### #
......##..#
###.#####.###.#...# #
......##..# ..........#
..#.#.# #
.......#..#########.###
#.#.#.###
....................#
#.#.#.##.
......##..######.####
#.#.#.#..
..........#......#
#.#.#.#


You could see an endoplasm.

Vanquished Creatures
  3 ball pythons (D:1)
  An endoplasm (D:1)
  A giant cockroach (D:1)
  A goblin (D:1)
  2 kobolds (D:1)
  A quokka (D:1)
  A bat (D:1)
  2 rats (D:1)
12 creatures vanquished.

Notes
Turn   | Place    | Note
-------+----------+-------------------------------------------
     0 | D:1      | GorkyZ the Gargoyle Venom Mage began the quest for the Orb.
     0 | D:1      | Reached XP level 1. HP: 10/10 MP: 3/3
   251 | D:1      | Found a faded altar of an unknown god.
   382 | D:1      | Reached XP level 2. HP: 9/15 MP: 5/5
   547 | D:1      | Reached skill level 1 in Transmutations
   687 | D:1      | Slain by an endoplasm

Illustrated notes

Levels and vault maps discovered:
D:1:      psy_arrival_radial02, layout_basic, basic_ecumenical_altar

Skill      XL: |  1  2 |
---------------+-------+-----
Transmutations | 1 |  1.0
Armour         | |  0.4
Dodging        | |  1.8
Stealth        | |  2.1
Shields        | |  0.5
Spellcasting   | |  2.0
Air Magic      | |  0.3
Poison Magic   | |  3.1

Action                   || total
-------------------------++-------
Melee: Club              ||    23
       Unarmed           ||     2
 Cast: Sting             ||    10
 Stab: Sleeping          ||     3
Armor: Robe              ||    15
Dodge: Dodged            ||    30
